 Dungeon Crawl Stone Soup version 0.18.1-8-gdd0e5ea (webtiles) character file.

427033 inmateoo the Impaler (level 24, -13/182 HPs)
             Began as a Human Skald on May 21, 2016.
             Was the Champion of Ashenzari.
             Killed by the air
             ... invoked by a spriggan air mage
              (14 damage)
             ... on level 2 of the Depths.
             The game lasted 02:41:35 (60688 turns).

inmateoo the Impaler (Human Skald)                 Turns: 60688, Time: 02:41:38

Health: -13/182    AC: 25    Str: 25    XL:     24   Next: 99%
Magic:  31/39      EV: 20    Int: 15    God:    Ashenzari [******]
Gold:   2185       SH: 12    Dex: 13    Spells: 11 memorised, 5 levels left

rFire  + + .     SeeInvis +     X - +8 demon trident (freeze) (curse)
rCold  . . .     Gourm    .     A - +2 scale mail {rF+} (curse)
rNeg   + . .     Faith    .     q - +3 buckler {rPois} (curse)
rPois  +         Spirit   .     D - +2 hat {MR+} (curse)
rElec  .         Dismiss  .     s - +2 cloak {MR+} (curse)
rCorr  .         Reflect  +     w - +2 pair of gloves {Str+3} (curse)
SustAt .         Harm     .     b - +0 pair of boots (curse)
MR     +++..     Clarity  +     P - +2 amulet of reflection (curse)
Stlth  ..........               E - ring of positive energy (curse)
                                i - ring of wizardry (curse)

@: deflect missiles, extremely resistant to hostile enchantments, extremely
unstealthy
A: talons 1, icy blue scales 1, fire resistance 1, sturdy frame 1
a: Curse Item, Scrying, Transfer Knowledge, Renounce Religion
}: 2/15 runes: decaying, serpentine


You were on level 2 of the Depths.
You worshipped Ashenzari.
Ashenzari was exalted by your worship.
You were hungry.

You visited 8 branches of the dungeon, and saw 42 of its levels.
You also visited: Labyrinth, Ice Cave and Wizlab.

You collected 7192 gold pieces.
You spent 5007 gold pieces at shops.

Inventory:

Hand Weapons
 X - a cursed +8 demon trident of freezing (weapon)
Armour
 b - a cursed +0 pair of boots (worn)
 q - a cursed +3 buckler of poison resistance (worn)
 s - a cursed +2 cloak of magic resistance (worn)
 t - the cursed +0 buckler of Kaevom {rElec Int+7}
   (You acquired it on level 2 of the Swamp)

   It affects your intelligence (+7).
   It insulates you from electricity.
   It has a curse placed upon it.
 w - a cursed +2 pair of gloves of strength (worn)
 A - a cursed +2 scale mail of fire resistance (worn)
 D - a cursed +2 hat of magic resistance (worn)
Jewellery
 i - a cursed ring of wizardry (left hand)
 E - a cursed ring of positive energy (right hand)
 F - an uncursed ring of protection from fire
 P - a cursed +2 amulet of reflection (around neck)
 T - an uncursed ring of protection from magic
Wands
 c - a wand of acid (8/15)
 k - a wand of confusion (28/48)
 I - a wand of paralysis (1/24)
 O - a wand of digging (12/24)
 S - a wand of hasting (2/9)
Scrolls
 e - 4 scrolls of fog
 h - 5 scrolls of teleportation
 j - 5 scrolls of enchant armour
 l - 29 scrolls of identify
 m - a scroll of summoning
 p - 9 scrolls of magic mapping
 r - 9 scrolls of remove curse
 x - 7 scrolls of recharging
 y - 2 scrolls of fear
 B - 2 scrolls of blinking
 N - a scroll of amnesia
 Q - 6 scrolls of silence
Potions
 a - 2 potions of cure mutation
 f - 11 potions of curing
 n - 5 potions of flight
 o - 10 potions of agility
 u - 5 potions of berserk rage
 v - 6 potions of invisibility
 z - 5 potions of cancellation
 C - 6 potions of haste
 G - 6 potions of brilliance
 K - 8 potions of might
 L - a potion of heal wounds
 M - 3 potions of ambrosia
 R - 3 potions of resistance
 Z - 6 potions of magic
Books
 J - a Necronomicon

   Spells                             Type                      Level
   a - Haunt                          Necromancy/Summoning         7
   b - Borgnjor's Revivification      Necromancy                   8
   c - Death's Door                   Charms/Necromancy            8
   d - Necromutation                  Transmutation/Necromancy     8
 W - the Volume of Lightness
   (You found it in a wizard's laboratory)

   Spells                             Type                      Level
   a - Shock                          Conjuration/Air              1
   b - Repel Missiles                 Charms/Air                   2
   c - Swiftness                      Charms/Air                   2
   d - Airstrike                      Air                          4
   e - Summon Lightning Spire         Summoning/Air                4
   f - Conjure Ball Lightning         Conjuration/Air              6
   g - Tornado                        Air                          9
Miscellaneous
 V - a lamp of fire
Comestibles
 d - 15 bread rations
 g - 5 meat rations
 H - 2 chunks of flesh


   Skills:
 + Level 13.2 Fighting
   Level 2.0 Maces & Flails
 * Level 19.6(23.1) Polearms
 + Level 14.0(18.1) Armour
 + Level 14.2(18.2) Dodging
 - Level 10.2(13.0) Shields
 + Level 12.6 Spellcasting
 - Level 8.4(12.8) Conjurations
 - Level 3.0(6.8) Charms
 - Level 8.8(13.2) Necromancy
 - Level 6.9(11.4) Translocations
 - Level 7.1(11.6) Transmutations
   Level 3.3(7.2) Ice Magic
 * Level 8.0(12.5) Air Magic
 - Level 15.4(19.3) Earth Magic
 - Level 3.0(6.8) Evocations


You had 5 spell levels left.
You knew the following spells:

 Your Spells              Type           Power        Failure   Level  Hunger
a - Regeneration          Chrm/Necr      #####.....   1%          3    None
b - Statue Form           Trmt/Erth      ######...    1%          6    ######.
c - Shroud of Golubria    Chrm/Tloc      #####.....   1%          2    None
d - Passage of Golubria   Tloc           N/A          1%          4    ###....
e - Spectral Weapon       Hex/Chrm       ###.....     4%          3    None
f - Lee's Rapid Deconstr  Erth           ######....   1%          5    #####..
h - Bolt of Draining      Conj/Necr      #####.....   1%          5    #####..
i - Song of Slaying       Chrm           ####....     1%          2    None
j - Dispel Undead         Necr           #####...     1%          5    #####..
k - Repel Missiles        Chrm/Air       #####.       1%          2    None
l - Deflect Missiles      Chrm/Air       #####.....   14%         6    ######.


Dungeon Overview and Level Annotations

Branches:
Dungeon (15/15)            Temple (0/1) D:7            Lair (8/8) D:8
  Swamp (4/4) Lair:6        Snake (4/4) Lair:3        Slime (0/6) Lair:6
    Orc (2/2) D:11            Elf (3/3) Orc:2        Vaults (4/5) D:14
  Crypt (0/3) Vaults:3     Depths (2/5) D:15

Altars:
Ashenzari
Cheibriados
Elyvilon
Fedhas
Gozag
Kikubaaqudgha
Makhleb
Okawaru
Qazlal
Ru
Trog
Xom
Yredelemnul
The Shining One
Beogh
Jiyva

Shops:
D:5 }   Orc:1 !   Orc:2 ?([(   Elf:1 *   Snake:3 (   Vaults:2 *   Vaults:4 *([

Portals:
Hell: Lair:8 Depths:1
Pandemonium: Depths:1
Trove: Vaults:3 (give +2 gold dragon armour)

Annotations:
D:12 exclusions: ice statue and obsidian statue
Elf:2 3 runed doors


Innate Abilities, Weirdness & Mutations

You have sharp toenails.
You are partially covered in icy blue scales (AC +1).
Your flesh is heat resistant.
Your movements are slightly less encumbered by armour (ER -2).


Message History

You are feeling hungry.
The spriggan air mage waves its arms in wide circles.
The air twists around and strikes you!
* * * LOW HITPOINT WARNING * * *
The spriggan air mage waves its arms in wide circles.
The air twists around and strikes you!
The spriggan air mage waves its arms in wide circles.
The air twists around and strikes you!
The spriggan air mage casts a spell at you.
The bolt of lightning hits the ettin.
The bolt of lightning misses you. The bolt of lightning hits you!
* * * LOW HITPOINT WARNING * * *
An air elemental and a spriggan air mage come into view.
The spriggan air mage shouts!
The spriggan air mage waves its arms in wide circles.
The air twists around and strikes you!
* * * LOW HITPOINT WARNING * * *
The spriggan air mage waves its arms in wide circles.
The air twists around and strikes you!
You die...

+ * #..#.#....≈≈≈≈≈≈(# *, *
*#.{#.#.E.........# , * .
,#.#.....()....# * , *#.,
#...i.........# *
,,*,,,**#............# **{, ,, *
#............####### * ∆
#..E................ ***, ,,
#........##########. ###,,,,,**
##.@###### #. .., ,*** ###.C###
#### .,, *** #...>..# ##... #****
#......##########..##
#############....................
)((...(..i..i.....#.#.#.#.#.#.#.#
#############..............#.....
#.....#.#.#...#.#.#.#
#..............#....#


You could see an ettin, 2 spriggan air magi and 2 air elementals.

Vanquished Creatures
  Mara (Swamp:3)
  Sojobo (Vaults:4)
  Saint Roka (Orc:2)
  Nikola (Elf:1)
  A golden dragon (Depths:2)
  Jory (Vaults:2)
  A tentacled monstrosity (Depths:2)
  Asterion (Elf:2)
  A deep elf blademaster (Elf:3)
  An ancient champion (Vaults:3)
  2 deep elf master archers (Elf:3)
  A sphinx (Vaults:4)
  A shadow dragon (Vaults:4)
  A storm dragon (D:13)
  3 thorn hunters
  Kirke (D:13)
  3 tengu reavers
  A revenant (Vaults:3)
  2 fire giants (Vaults:4)
  6 greater nagas
  Wiglaf (Vaults:2)
  11 vault wardens
  6 frost giants
  8 deep elf sorcerers
  Aizul (Swamp:1)
  18 ironheart preservers
  2 deep elf elementalists (Elf:3)
  8 stone giants
  A salamander stormcaller (Vaults:3)
  A war gargoyle (Vaults:4)
  28 very ugly things
  A vampire knight (Depths:2)
  9 deep elf demonologists
  8 deep elf annihilators
  2 dire elephants (Lair:8)
  A blizzard demon (Depths:1)
  2 ettins
  13 vault guards
  5 deep elf death magi
  8 yaktaur captains
  4 deep elf high priests
  A minotaur (Lab)
  An eidolon (Vaults:3)
  Josephine (Lair:8)
  11 ogre magi
  Fannar (Lair:3)
  5 ice dragons
  4 fire dragons
  3 great orbs of eyes
  The ghost of jacquesderrida the Spear-Bearer, a journeyman DsSk of Ashenzari (Lair:6)
  An entropy weaver (Depths:1)
  11 naga warriors
  Harold (Lair:2)
  26 hydras
  4 spriggan air magi
  5 ghost crabs
  5 death knights
  2 rakshasas
  2 alligators
  4 anacondas
  9 centaur warriors
  14 dancing weapons
  2 deep troll shamans
  A tengu warrior (D:13)
  2 death yaks
  Urug (D:11)
  A spriggan berserker (Depths:2)
  7 shock serpents
  Sonja (D:10)
  4 hell knights (Depths:2)
  14 naga sharpshooters
  2 orc high priests
  20 deep elf knights
  2 shadow wraiths (Vaults:4)
  A sun demon (Lair:8)
  2 iron trolls (Depths:1)
  3 salamander mystics
  A fire crab (shapeshifter) (Vaults:4)
  2 spriggan druids
  3 wizards
  3 sea snakes (Snake:3)
  7 naga ritualists
  4 unseen horrors
  7 deep trolls
  An unseen horror (shapeshifter) (Elf:1)
  4 flayed ghosts
  An anubis guard (shapeshifter) (Depths:2)
  A wolf spider zombie (D:15)
  A shambling mangrove (Swamp:3)
  8 necromancers
  14 ironbrand convokers
  13 swamp dragons
  8 harpies
  A lindwurm (Lair:8)
  21 deep elf archers
  10 hill giants
  2 phantasmal warriors (Depths:2)
  51 ugly things
  8 griffons
  7 mana vipers
  7 orc sorcerers
  3 hornets
  A stone giant zombie (Vaults:4)
  6 wolf spiders
  60 deep elf magi
  15 orc knights
  6 cyclopes
  A sixfirhy (Depths:1)
  A stone giant skeleton (Vaults:3)
  7 elephants (Lair:4)
  Maurice (D:8)
  13 salamanders
  3 guardian serpents
  5 orange demons (Lair:8)
  13 vault sentinels
  31 black mambas
  A rust devil (Depths:1)
  A smoke demon (Lair:8)
  32 naga magi
  A torpor snail (shapeshifter) (Vaults:3)
  23 spiny frogs
  3 gargoyles
  2 rime drakes
  A komodo dragon (shapeshifter) (D:15)
  8 komodo dragons
  A redback zombie (D:15)
  2 kobold demonologists
  2 red devils (Lair:8)
  An efreet (D:15)
  9 freezing wraiths
  32 yaktaurs
  A hellwing (Lair:8)
  4 trolls
  2 tengu conjurers (Depths:1)
  A jumping spider (shapeshifter) (Elf:1)
  3 ice devils (Lair:8)
  10 wind drakes (WizLab)
  A two-headed ogre (shapeshifter) (Depths:2)
  8 giant leeches
  4 bog bodies
  A hornet zombie (D:11)
  22 two-headed ogres
  A slime creature (shapeshifter) (Vaults:4)
  6 boulder beetles
  36 slime creatures
  A harpy skeleton (D:15)
  A raiju (shapeshifter) (Vaults:4)
  26 blink frogs
  2 redbacks (Depths:1)
  6 water elementals
  31 air elementals
  6 wraiths
  5 wyverns
  8 spriggans
  50 yaks
  2 shadows
  4 fire elementals
  A chaos spawn (Depths:1)
  5 basilisks
  A steam dragon (D:11)
  15 hippogriffs
  6 hungry ghosts
  19 vampire mosquitoes
  A neqoxec (Depths:1)
  5 mottled dragons
  15 swamp worms
  61 nagas
  4 wargs
  14 insubstantial wisps
  A soldier ant (D:15)
  A giant eyeball (shapeshifter) (Vaults:1)
  15 water moccasins
  A deep troll skeleton (Vaults:4)
  12 swamp drakes
  14 porcupines
  2 ice beasts
  A black bear (D:6)
  7 sky beasts
  50 orc warriors
  10 wasps
  An ettin simulacrum (Vaults:3)
  44 ogres
  2 phantoms
  2 necrophages (D:7)
  11 boggarts
  20 wolves
  17 centaurs
  11 crocodiles
  A big kobold (shapeshifter) (Vaults:2)
  7 big kobolds
  Blork the orc (D:4)
  21 giant frogs
  4 earth elementals
  A glowing shapeshifter simulacrum (Vaults:4)
  A wyvern skeleton (D:14)
  A water moccasin zombie (D:7)
  6 killer bees
  14 wights
  6 electric eels
  A howler monkey (D:10)
  8 crimson imps
  2 quasits
  2 giant frog zombies (D:7)
  7 centaur skeletons
  2 hounds
  4 jellies
  24 orc priests
  3 centaur zombies
  3 giant frog skeletons
  9 iguanas
  28 orc wizards
  10 worker ants
  4 sheep
  A hound zombie (D:5)
  2 mummies
  2 howler monkey zombies
  2 worker ant zombies
  2 gnolls (D:3)
  6 adders
  35 river rats
  3 shadow imps
  2 oozes
  An adder zombie (D:5)
  3 worms
  2 dart slugs (D:1)
  6 giant geckos
  122 orcs
  3 giant cockroaches
  9 goblins
  4 hobgoblins
  10 jackals
  2 quokkas
  2 ball pythons (D:3)
  A ball python zombie (D:5)
  5 bats
  3 giant newts
  A hobgoblin zombie (D:5)
  2 jackal zombies (D:5)
  41 kobolds
  A kobold zombie (D:5)
  2 orc zombies (D:5)
  A quokka skeleton (D:6)
  A quokka zombie (D:7)
  10 rats
  A briar patch (Swamp:3)
1883 creatures vanquished.

Vanquished Creatures (collateral kills)
  An ice dragon (Depths:1)
  A komodo dragon (Lair:6)
2 creatures vanquished.

Vanquished Creatures (others)
  A Cloud Mage (WizLab)
  A deep elf knight (Elf:1)
  A deep elf mage (Elf:1)
  A necromancer (Vaults:1)
  A hornet (Swamp:4)
  A naga mage (Snake:4)
  A human (D:13)
  A naga (Snake:3)
  A swamp worm (Swamp:4)
  A swamp drake (Swamp:4)
  A centaur (D:5)
  3 worker ants (D:5)
  A worm (D:5)
  An orc (D:5)
  3 briar patches (Swamp:4)
  11 fungi
  21 plants
  181 spectral weapons
232 creatures vanquished.

Grand Total: 2117 creatures vanquished

Notes
Turn   | Place    | Note
--------------------------------------------------------------
     0 | D:1      | inmateoo the Human Skald began the quest for the Orb.
     0 | D:1      | Reached XP level 1. HP: 16/16 MP: 3/3
   186 | D:1      | Reached XP level 2. HP: 12/22 MP: 5/5
   321 | D:1      | Reached skill level 3 in Polearms
   531 | D:1      | Reached XP level 3. HP: 24/27 MP: 6/6
  1477 | D:2      | Found a shattered altar of Ashenzari.
  1501 | D:2      | Became a worshipper of Ashenzari the Shackled
  1862 | D:2      | Reached XP level 4. HP: 31/33 MP: 7/7
  1864 | D:2      | Reached skill level 4 in Polearms
  2388 | D:3      | Found a snail-covered altar of Cheibriados.
  2808 | D:3      | Gained mutation: You are agile. (Dex +2) [potion of mutation]
  2808 | D:3      | Lost mutation: You are agile. (Dex +2) [potion of mutation]
  2808 | D:3      | Gained mutation: Your movements are slightly less encumbered by armour (ER -2). [potion of mutation]
  3215 | D:3      | Found a basalt altar of Yredelemnul.
  3409 | D:3      | Reached XP level 5. HP: 33/38 MP: 8/8
  3542 | D:3      | Reached skill level 5 in Polearms
  3666 | D:4      | Noticed Blork the orc
  3707 | D:4      | Killed Blork the orc
  3707 | D:4      | Reached XP level 6. HP: 13/44 MP: 9/9
  4011 | D:4      | Reached skill level 6 in Polearms
  4157 | D:5      | Entered Level 5 of the Dungeon
  4501 | D:4      | Noticed a phantom
  4730 | D:4      | Killed a phantom
  4730 | D:4      | Reached skill level 7 in Polearms
  4730 | D:4      | Reached XP level 7. HP: 14/50 MP: 10/10
  5025 | D:4      | Found a sacrificial altar of Ru.
  5464 | D:5      | Found a burning altar of Makhleb.
  5464 | D:5      | Noticed a cacodemon
  5468 | D:5      | Noticed a hellwing
  5468 | D:5      | Noticed a ynoxinul
  5558 | D:5      | Found Feaqec's Gadget Emporium.
  5580 | D:5      | Found a shimmering altar of Xom.
  6020 | D:5      | Reached skill level 1 in Maces & Flails
  6185 | D:5      | Noticed a water moccasin
  6185 | D:5      | Found an ancient bone altar of Kikubaaqudgha.
  6197 | D:5      | Killed a water moccasin
  6572 | D:5      | Reached XP level 8. HP: 19/57 MP: 11/11
  7098 | D:6      | Reached * piety under Ashenzari
  7865 | D:6      | Reached skill level 8 in Polearms
  8782 | D:6      | Learned a level 2 spell: Song of Slaying
  8785 | D:6      | Learned a level 2 spell: Shroud of Golubria
  8789 | D:6      | Learned a level 3 spell: Regeneration
  8828 | D:7      | Reached XP level 9. HP: 65/65 MP: 12/12
  8855 | D:7      | Found a staircase to the Ecumenical Temple.
  9267 | D:7      | Reached skill level 9 in Polearms
  9959 | D:7      | Found a white marble altar of Elyvilon.
 10148 | D:8      | Found a staircase to the Lair.
 10175 | D:8      | Learned a level 3 spell: Spectral Weapon
 10202 | D:8      | Noticed a two-headed ogre
 10211 | D:8      | Killed a two-headed ogre
 10211 | D:8      | Reached skill level 5 in Fighting
 10234 | D:8      | Reached XP level 10. HP: 71/74 MP: 15/15
 10262 | D:8      | Found an iron altar of Okawaru.
 10262 | D:8      | Found a stormy altar of Qazlal.
 10262 | D:8      | Found an opulent altar of Gozag.
 10287 | D:8      | Found a blossoming altar of Fedhas.
 10288 | D:8      | Found a glowing golden altar of the Shining One.
 10299 | D:8      | Found a bloodstained altar of Trog.
 10445 | D:8      | Reached skill level 10 in Polearms
 10528 | D:8      | Reached ** piety under Ashenzari
 10590 | D:8      | Reached skill level 5 in Dodging
 10672 | D:8      | Reached skill level 5 in Armour
 11344 | D:8      | Noticed Maurice
 11394 | D:8      | Killed Maurice
 12626 | D:10     | Entered Level 10 of the Dungeon
 13106 | D:10     | Reached XP level 11. HP: 65/81 MP: 17/17
 13168 | D:10     | Reached skill level 11 in Polearms
 13459 | D:10     | Noticed Sonja
 13465 | D:10     | Killed Sonja
 13558 | D:11     | Noticed Urug
 13859 | D:11     | Killed Urug
 13859 | D:11     | Reached skill level 5 in Spellcasting
 13987 | D:11     | Found a frozen archway.
 14008 | IceCv    | Entered an ice cave
 14314 | D:11     | Noticed a hill giant
 14317 | D:11     | Noticed a hill giant
 14352 | D:10     | Killed a hill giant
 14377 | D:11     | Noticed a hill giant
 14442 | D:11     | Learned a level 6 spell: Freezing Cloud
 14473 | D:11     | Gained mutation: You have sharp toenails. [mutagenic meat]
 14474 | D:11     | Gained mutation: You are partially covered in icy blue scales (AC +1). [mutagenic meat]
 14475 | D:11     | Gained mutation: Your flesh is heat resistant. [mutagenic meat]
 14714 | D:10     | Killed a hill giant
 14714 | D:10     | Reached skill level 1 in Ice Magic
 14836 | D:11     | Killed an unseen horror
 14836 | D:11     | Reached skill level 1 in Evocations
 14881 | D:11     | Killed a hill giant
 14969 | D:11     | Found a staircase to the Orcish Mines.
 15032 | D:11     | Found a roughly hewn altar of Beogh.
 15162 | D:11     | Killed an unseen horror
 15270 | D:12     | Found a labyrinth entrance.
 15275 | Lab      | Entered a labyrinth
 15286 | Lab      | Reached *** piety under Ashenzari
 15427 | Lab      | Reached XP level 12. HP: 39/91 MP: 20/20
 15605 | Lab      | Noticed an unseen horror
 15611 | Lab      | Killed an unseen horror
 15911 | Lab      | Noticed a minotaur
 15926 | Lab      | Killed a minotaur
 15926 | Lab      | Identified the +1 dire flail of Bimyin {antimagic, rN+ SInv Stlth-} (You took it off a minotaur in a labyrinth)
 15926 | Lab      | Reached skill level 12 in Polearms
 15956 | D:12     | Learned a level 4 spell: Passage of Golubria
 15958 | D:12     | Learned a level 1 spell: Beastly Appendage
 16030 | D:12     | Identified the amulet "Ygusy" {Spirit Str+4 SInv}
 16423 | D:12     | Reached skill level 1 in Transmutations
 16739 | D:12     | Reached skill level 1 in Translocations
 17007 | D:12     | Learned a level 5 spell: Lee's Rapid Deconstruction
 17294 | D:13     | Reached skill level 1 in Earth Magic
 17314 | D:13     | Noticed a four-headed hydra
 17321 | D:13     | Killed a four-headed hydra
 17321 | D:13     | Reached skill level 1 in Necromancy
 17504 | D:13     | Noticed Kirke
 17510 | D:13     | Noticed a centaur warrior
 17530 | D:13     | Killed a centaur warrior
 17661 | Lair:1   | Entered Level 1 of the Lair of Beasts
 18064 | Lair:1   | Reached **** piety under Ashenzari
 18208 | Lair:1   | Reached XP level 13. HP: 86/98 MP: 19/22
 19214 | Lair:2   | Noticed Harold
 19229 | Lair:2   | Killed Harold
 20262 | Lair:3   | Noticed Fannar
 20298 | Lair:3   | Killed Fannar
 20537 | Lair:3   | Reached ***** piety under Ashenzari
 20781 | Lair:3   | Found a staircase to the Snake Pit.
 20968 | Lair:3   | Noticed a six-headed hydra
 20978 | Lair:3   | Killed a six-headed hydra
 21019 | Lair:3   | Noticed a seven-headed hydra
 21279 | Lair:3   | Reached skill level 5 in Earth Magic
 21490 | Lair:4   | Reached skill level 13 in Polearms
 22151 | Lair:4   | Reached XP level 14. HP: 45/106 MP: 18/24
 23663 | Lair:6   | Reached skill level 5 in Transmutations
 23712 | Lair:6   | Found a staircase to the Slime Pits.
 23712 | Lair:6   | Found a viscous altar of Jiyva.
 23902 | Lair:6   | Noticed jacquesderrida's ghost (journeyman DsSk)
 23937 | Lair:6   | Killed jacquesderrida's ghost
 24099 | Lair:6   | Reached ****** piety under Ashenzari
 24119 | Lair:6   | Found a staircase to the Swamp.
 25197 | Lair:7   | Found a basalt altar of Yredelemnul.
 25213 | Lair:7   | Reached skill level 5 in Translocations
 25221 | Lair:7   | Learned a level 6 spell: Statue Form
 25681 | Lair:8   | Entered Level 8 of the Lair of Beasts
 26271 | Lair:8   | Reached XP level 15. HP: 112/112 MP: 19/26
 26333 | Lair:8   | Noticed Josephine
 26383 | Lair:8   | Killed Josephine
 26789 | Lair:7   | Reached skill level 5 in Necromancy
 27218 | Lair:8   | Reached skill level 14 in Polearms
 27643 | Lair:8   | Found a burning altar of Makhleb.
 27859 | Lair:8   | Found a gateway to Hell.
 28823 | D:13     | Killed Kirke
 29015 | D:13     | Noticed a storm dragon
 29035 | D:13     | Killed a storm dragon
 29270 | D:14     | Found a gate to the Vaults.
 29357 | D:13     | Reached XP level 16. HP: 66/120 MP: 15/28
 29648 | D:14     | Reached skill level 1 in Shields
 30585 | D:15     | Entered Level 15 of the Dungeon
 31039 | D:15     | Identified the +5 quarterstaff of Saltpetre {speed, Str+3 Stlth+}
 31292 | D:15     | Found a staircase to the Depths.
 31666 | Orc:1    | Entered Level 1 of the Orcish Mines
 31697 | Orc:1    | Found Veradug's Distillery.
 31706 | Orc:1    | Bought a potion of resistance for 130 gold pieces
 31706 | Orc:1    | Bought a potion of heal wounds for 65 gold pieces
 31706 | Orc:1    | Bought a potion of agility for 52 gold pieces
 31706 | Orc:1    | Bought a potion of curing for 39 gold pieces
 31706 | Orc:1    | Bought a potion of might for 52 gold pieces
 31757 | Orc:1    | Found a roughly hewn altar of Beogh.
 32116 | Orc:2    | Entered Level 2 of the Orcish Mines
 32116 | Orc:2    | Found a staircase to the Elven Halls.
 32145 | Orc:1    | Reached skill level 10 in Earth Magic
 32419 | Orc:2    | Noticed Saint Roka
 32834 | Orc:1    | Learned a level 5 spell: Bolt of Draining
 33110 | Orc:2    | Killed Saint Roka
 33110 | Orc:2    | Reached skill level 10 in Dodging
 33110 | Orc:2    | Reached XP level 17. HP: 99/127 MP: 1/29
 33320 | Orc:2    | Found a roughly hewn altar of Beogh.
 33369 | Orc:2    | Reached skill level 10 in Armour
 33435 | Orc:2    | Found a roughly hewn altar of Beogh.
 33436 | Orc:2    | Found Asudd's Antique Weapon Emporium.
 33497 | Orc:2    | Found a roughly hewn altar of Beogh.
 33547 | Orc:2    | Reached skill level 1 in Conjurations
 33585 | Orc:2    | Found a roughly hewn altar of Beogh.
 33623 | Orc:2    | Found Luch's Antique Weapon Emporium.
 33624 | Orc:2    | Found a roughly hewn altar of Beogh.
 33625 | Orc:2    | Found Tirreuwa's Antique Armour Shoppe.
 33779 | Orc:2    | Found a roughly hewn altar of Beogh.
 33852 | Orc:2    | Found a roughly hewn altar of Beogh.
 33876 | Orc:2    | Found Posoah's Magic Scroll Shop.
 33885 | Orc:2    | Bought a scroll of acquirement for 676 gold pieces
 33885 | Orc:2    | Bought a scroll of acquirement for 676 gold pieces
 33910 | Orc:2    | Bought a scroll of enchant weapon for 97 gold pieces
 34363 | Swamp:1  | Entered Level 1 of the Swamp
 34463 | Swamp:1  | Reached skill level 15 in Polearms
 34755 | Swamp:1  | Noticed Aizul
 34825 | Swamp:1  | Killed Aizul
 35090 | Swamp:1  | Reached skill level 10 in Fighting
 35909 | Swamp:2  | Identified the cursed +0 buckler of Kaevom {rElec Int+7} (You acquired it on level 2 of the Swamp)
 36416 | Swamp:3  | Noticed Mara
 36419 | Swamp:3  | Noticed inmateoo's illusion
 36774 | Swamp:3  | Noticed inmateoo's illusion
 36833 | Swamp:3  | Noticed inmateoo's illusion
 36834 | Swamp:3  | Killed Mara
 36834 | Swamp:3  | Reached skill level 5 in Shields
 36980 | Swamp:3  | Noticed a thorn hunter
 37015 | Swamp:3  | Killed a thorn hunter
 37176 | Swamp:3  | Reached XP level 18. HP: 42/135 MP: 26/31
 37501 | Swamp:4  | Entered Level 4 of the Swamp
 38385 | Swamp:4  | Got a decaying rune of Zot
 39029 | Orc:2    | Bought a shiny scale mail for 164 gold pieces
 39186 | Vaults:1 | Entered Level 1 of the Vaults
 39783 | Vaults:1 | Reached skill level 16 in Polearms
 40159 | Vaults:1 | Learned a level 5 spell: Dispel Undead
 40741 | Vaults:2 | Reached XP level 19. HP: 142/142 MP: 29/32
 41412 | Vaults:2 | Reached skill level 10 in Spellcasting
 41624 | Vaults:2 | Noticed Wiglaf
 41656 | Vaults:2 | Killed Wiglaf
 42188 | Vaults:2 | Found Waisogit's Assorted Antiques.
 42232 | Vaults:2 | Bought a scroll of enchant weapon for 157 gold pieces
 42235 | Vaults:2 | Bought a pair of runed gloves for 94 gold pieces
 42242 | Vaults:2 | Bought a golden ring for 105 gold pieces
 42297 | Vaults:2 | Noticed Jory
 42756 | Vaults:2 | Killed Jory
 43201 | Vaults:2 | Reached skill level 5 in Conjurations
 44016 | Vaults:3 | Reached XP level 20. HP: 132/150 MP: 28/34
 44095 | Vaults:3 | Found a portal to a secret trove of treasure.
 44863 | Vaults:3 | Found a staircase to the Crypt.
 45448 | Vaults:4 | Reached skill level 17 in Polearms
 46014 | Vaults:4 | Found Gozag's Antique Armour Shop.
 46031 | Vaults:4 | Found Gozag's Antique Weapon Shop.
 46031 | Vaults:4 | Found an opulent altar of Gozag.
 46040 | Vaults:4 | Found Gozag's Assorted Antiques.
 46414 | Vaults:3 | Reached XP level 21. HP: 157/157 MP: 27/35
 46636 | Vaults:4 | Bought an encrusted scale mail for 900 gold pieces
 46636 | Vaults:4 | Identified the +2 scale mail of the Tundras {Int+3} (You bought it in a shop on level 4 of the Vaults)
 46644 | Vaults:4 | Bought a pair of glowing gloves for 450 gold pieces
 46678 | Vaults:4 | Bought 2 potions of heal wounds for 1000 gold pieces
 47265 | Vaults:4 | Noticed a Brimstone Fiend
 48118 | Vaults:4 | Noticed Sojobo
 48574 | Snake:1  | Entered Level 1 of the Snake Pit
 48748 | Snake:1  | Reached XP level 22. HP: 120/165 MP: 33/37
 49548 | Snake:2  | Identified the cursed +4 hat of Articulation {MP+9 Slay+2} (You acquired it on level 2 of the Snake Pit)
 49954 | Snake:3  | Found Fuosoat's Weapon Emporium.
 51014 | Snake:4  | Entered Level 4 of the Snake Pit
 51054 | Snake:4  | Identified the cursed +0 cloak of Sunlight {rPois Str+6 Int+4} (You acquired it on level 4 of the Snake Pit)
 51149 | Snake:4  | Identified the +5 falchion "Ultimatum" {freeze, rPois}
 51211 | Snake:4  | Reached skill level 18 in Polearms
 51505 | Snake:4  | Reached skill level 15 in Earth Magic
 52466 | Snake:4  | Got a serpentine rune of Zot
 52561 | Snake:4  | Reached XP level 23. HP: 173/173 MP: 34/38
 52914 | Elf:1    | Entered Level 1 of the Elven Halls
 53159 | Elf:1    | Found a magical portal.
 53168 | WizLab   | Entered The Chambers of Duvaptig the Cloud Mage
 53925 | WizLab   | Identified the +8 quick blade of the Heavens {flame, rElec Int+3 Dex-4 Stlth+}
 53965 | WizLab   | Identified the Volume of Lightness
 53973 | WizLab   | Learned a level 2 spell: Repel Missiles
 53976 | WizLab   | Identified the Reference Book on the Birds (You found it in a wizard's laboratory)
 53984 | WizLab   | Learned a level 6 spell: Deflect Missiles
 54177 | Elf:1    | Noticed Nikola
 54192 | Elf:1    | Killed Nikola
 54192 | Elf:1    | Reached skill level 1 in Air Magic
 54392 | Elf:1    | Found Gahishot's Assorted Antiques.
 54416 | Elf:1    | Bought a clouded copper amulet for 140 gold pieces
 54416 | Elf:1    | Identified the amulet of Ravynn {Gourm rPois Str+4 Int-3 Stlth+} (You bought it in a shop on level 1 of the Elven Halls)
 54416 | Elf:1    | Bought a scroll of enchant weapon for 210 gold pieces
 55059 | Elf:2    | Noticed Asterion
 55070 | Elf:2    | Killed Asterion
 55580 | Elf:2    | Found a runed gate.
 55583 | Elf:2    | Found a runed gate.
 55595 | Elf:2    | Found a runed gate.
 55681 | Elf:3    | Entered Level 3 of the Elven Halls
 56387 | Elf:3    | Reached skill level 10 in Shields
 56617 | Elf:3    | Identified the amulet "Ephotoamu" {Harm *Drain rC- MP+9 SInv} (You took it off a deep elf death mage on level 3 of the Elven Halls)
 56625 | Elf:3    | Identified the cursed +0 rapier of Slime {pierce, +Rage rF- rN+} (You took it off a deep elf sorcerer on level 3 of the Elven Halls)
 56782 | Elf:3    | Identified the +4 ring mail of the Desert {MR+}
 56787 | Elf:3    | Reached XP level 24. HP: 159/180 MP: 34/39
 56888 | Elf:3    | Reached skill level 5 in Air Magic
 58037 | Vaults:4 | Reached skill level 19 in Polearms
 58456 | Vaults:4 | Killed Sojobo
 58759 | Depths:1 | Entered Level 1 of the Depths
 59314 | Depths:1 | Found a one-way gate leading to the halls of Pandemonium.
 59482 | Depths:1 | Identified the +6 war axe of Arbitration {drain, +Blink MR+++ Int-5 Dex-4}
 59952 | Depths:1 | Identified the cursed +1 hand crossbow "Keyduag" {velocity, rF+ Str+4 Dex+6}
 59955 | Depths:1 | Found a white marble altar of Elyvilon.
 60245 | Depths:1 | Found a blossoming altar of Fedhas.
 60598 | Depths:2 | Noticed a golden dragon
 60607 | Depths:2 | Killed a golden dragon
 60688 | Depths:2 | HP: 1/182 [spriggan air mage/the air (19)]
 60688 | Depths:2 | Killed from afar by a spriggan air mage

Skill      XL: |  1  2  3  4  5  6  7  8  9 10 11 12 13 14 15 16 17 18 19 20 21 22 23 24 |
---------------+-------------------------------------------------------------------------+-----
Polearms       | 3 4 5 7 8 9 10 11 12 13 14 15 16 17 18 19 | 19.6
Maces & Flails | 1 2 |  2.0
Dodging        | 2 3 4 5 6 7 8 9 10 11 12 13 14 | 14.2
Armour         | 2 3 4 5 6 7 8 9 10 11 12 13 14 | 14.0
Fighting       | 3 5 6 7 8 9 10 11 12 13 | 13.2
Spellcasting   | 3 4 5 6 7 8 9 10 11 12 | 12.6
Ice Magic      | 2 3 |  3.3
Evocations     | 1 3 |  3.0
Transmutations | 2 4 5 6 7 |  7.1
Translocations | 2 3 5 6 |  6.9
Earth Magic    | 3 5 7 9 10 11 12 13 14 15 | 15.4
Necromancy     | 1 3 4 5 6 7 8 |  8.8
Shields        | 3 5 6 7 8 9 10 | 10.2
Conjurations   | 2 3 5 6 7 8 |  8.4
Air Magic      | 4 8 |  8.0
Charms         | |  3.0

Action                   |  1- 3 |  4- 6 |  7- 9 | 10-12 | 13-15 | 16-18 | 19-21 | 22-24 || total
-------------------------+-------+-------+-------+-------+-------+-------+-------+-------++-------
Melee: Spear             |   134 |   238 |    63 |       |       |       |       |       ||   435
       Flail             |       |    35 |    95 |       |       |       |       |       ||   130
       Dagger            |       |       |     2 |       |       |       |       |       ||     2
       Trident           |       |       |   287 |   858 |  1319 |       |       |       ||  2464
       Demon trident     |       |       |       |       |   269 |  1679 |  1569 |  1987 ||  5504
       Kick              |       |       |       |       |       |    72 |   200 |   147 ||   419
 Fire: Blowgun           |       |       |     3 |       |       |       |       |       ||     3
 Cast: Regeneration      |       |       |       |     8 |    89 |    95 |    74 |    73 ||   339
       Spectral Weapon   |       |       |       |    28 |   144 |   141 |   104 |    82 ||   499
       Song of Slaying   |       |       |       |     1 |    10 |     1 |     3 |     3 ||    18
       Shroud of Golubri |       |       |       |     1 |     9 |     2 |     1 |       ||    13
       Statue Form       |       |       |       |       |       |    18 |    26 |    32 ||    76
       Bolt of Draining  |       |       |       |       |       |     5 |    12 |     3 ||    20
       Lee's Rapid Decon |       |       |       |       |       |     6 |    16 |    14 ||    36
       Passage of Golubr |       |       |       |       |       |     4 |    14 |     3 ||    21
       Dispel Undead     |       |       |       |       |       |       |    18 |       ||    18
       Repel Missiles    |       |       |       |       |       |       |       |     6 ||     6
       Deflect Missiles  |       |       |       |       |       |       |       |     4 ||     4
Invok: Curse Item        |       |       |       |     5 |     3 |     2 |     1 |     1 ||    12
 Abil: End Transformatio |       |       |       |       |       |       |     2 |       ||     2
Evoke: Wand              |       |     3 |    10 |    16 |    16 |     2 |     2 |     3 ||    52
       Lamp of fire      |       |       |       |       |       |       |       |     1 ||     1
  Use: Potion            |       |     5 |     3 |     1 |     3 |     2 |     7 |     4 ||    25
       Scroll            |       |     9 |     8 |     8 |    13 |    15 |     7 |     9 ||    69
 Stab: Sleeping          |     1 |       |     1 |       |       |       |       |       ||     2
       Distracted        |       |     1 |       |     4 |    27 |    14 |    10 |    11 ||    67
       Paralysed         |       |       |     4 |     7 |     5 |       |       |       ||    16
  Eat: Chunk             |     3 |     6 |     9 |    27 |    37 |    23 |    33 |    23 ||   161
       Beef jerky        |       |     1 |     2 |     2 |     3 |     1 |       |     4 ||    13
       Pizza             |       |     1 |     1 |     6 |     5 |     1 |       |     4 ||    18
       Meat ration       |       |       |     1 |       |       |     6 |     5 |     4 ||    16
       Royal jelly       |       |       |       |       |     2 |     1 |       |     1 ||     4
       Fruit             |       |       |       |       |     1 |     5 |       |     7 ||    13
Armor: Leather armour    |    31 |    68 |   118 |    71 |       |       |       |       ||   288
       Chain mail        |    13 |       |       |       |       |       |       |       ||    13
       Skin              |       |       |       |    29 |       |   213 |   247 |   231 ||   720
       Ring mail         |       |       |       |    74 |   344 |   144 |       |       ||   562
       Scale mail        |       |       |       |       |       |    32 |   208 |   249 ||   489
Dodge: Dodged            |    50 |   107 |   288 |   290 |   780 |   754 |   816 |  1007 ||  4092
       Deflected         |       |       |       |       |       |       |       |    60 ||    60
Block: Buckler           |       |       |       |       |     3 |   431 |   524 |   682 ||  1640
       Reflection        |       |       |       |       |       |       |       |    15 ||    15
